 Dungeon Crawl Stone Soup version 0.22-a0-617-g6d95e9e (webtiles) character file.

7 Hebeh the Firebug (level 1, -1/10 HPs)
             Began as a Deep Elf Fire Elementalist on July 12, 2018.
             Slain by a kobold
             ... wielding a +0 whip
              (3 damage)
             ... on level 1 of the Dungeon.
             The game lasted 00:01:23 (172 turns).

Hebeh the Firebug (Deep Elf Fire Elementalist)       Turns: 172, Time: 00:01:24

Health: -1/10      AC:  2    Str:  5    XL:     1   Next: 83%
Magic:  1/6        EV: 13    Int: 19    God:
Gold:   2          SH:  0    Dex: 15    Spells: 5/6 levels left

rFire    . . .     SeeInvis .   e - +0 club
rCold    . . .     Gourm    .   (no shield)
rNeg     . . .     Faith    .   a - +0 robe
rPois    .         Spirit   .   (no helmet)
rElec    .         Reflect  .   (no cloak)
rCorr    .         Harm     .   (no gloves)
MR       .....                  (no boots)
Stlth    ++........             (no amulet)
HPRegen  0.03/turn              (no ring)
MPRegen  0.10/turn              (no ring)

@: very slightly contaminated
A: no striking features
a: no special abilities


You were on level 1 of the Dungeon.
You were not hungry.

You visited 1 branch of the dungeon, and saw 1 of its levels.

You collected 2 gold pieces.

Inventory:

Hand Weapons
 e - a +0 club (weapon)
Missiles
 f - 23 bolts
 h - 24 sling bullets
Armour
 a - a +0 robe (worn)
Scrolls
 d - a scroll of fear {unknown}
Potions
 b - a potion of magic {unknown}
 i - a potion of might {unknown}
Comestibles
 c - 2 rations
 g - 2 chunks of flesh


   Skills:
 - Level 2.4 Dodging
 - Level 2.4 Stealth
 + Level 3.2 Spellcasting
 * Level 1.7 Conjurations
 + Level 3.4 Fire Magic


You had 5 spell levels left.
You knew the following spells:

 Your Spells              Type           Power        Failure   Level  Hunger
a - Flame Tongue          Conj/Fire      ##...        5%          1    None

Your spell library contained the following spells:

 Spells                   Type           Power        Failure   Level  Hunger
 Fireball                 Conj/Fire      ##........   82%         5    ######.
 Conjure Flame            Conj/Fire      ##......     16%         3    ###....
 Throw Flame              Conj/Fire      ##....       8%          2    ##.....
 Sticky Flame             Conj/Fire      ##......     45%         4    ####...
 Inner Flame              Hex/Fire       #.......     22%         3    ###....


Dungeon Overview and Level Annotations

Branches:
Dungeon (1/15)

Altars:


Message History

You closely miss the kobold.
The kobold is moderately wounded.
The bat hits you but does no damage. The kobold barely misses you.
You hit the kobold.
The kobold is heavily wounded.
The bat hits you but does no damage. The kobold barely misses you.
You barely miss the kobold.
The kobold is heavily wounded.
The bat misses you. The kobold misses you. The kobold hits you with a whip.
* * * LOW HITPOINT WARNING * * *
You hit the kobold but do no damage.
The kobold is heavily wounded.
The bat closely misses you. The bat barely misses you.
The kobold barely misses you.
You hit the kobold but do no damage.
The kobold is heavily wounded.
The bat misses you. The kobold hits you with a whip.
* * * LOW HITPOINT WARNING * * *
The kobold hits you with a whip.
You die...

## #. ##.# ... #..
####..
##.....#####
#......†b@.#######
.#
#.......K........#
.#
#......###.#####.#
#.# ## ##...#. #.#
#.# #.# #≈ ##.##[
#.# #.# #.# #. #..
#. #.# #.###.# ♣.
#. .. ...
#.....###♣. # #.
#.# ####..#.##. ..
.#####.....#.


You could see a bat and a kobold.

Vanquished Creatures
  A bat (D:1)
  2 hobgoblins (D:1)
  A frilled lizard (D:1)
  A kobold (D:1)
  2 rats (D:1)
7 creatures vanquished.

Notes
Turn   | Place    | Note
-------+----------+-------------------------------------------
     0 | D:1      | Hebeh the Deep Elf Fire Elementalist began the quest for the Orb.
     0 | D:1      | Reached XP level 1. HP: 10/10 MP: 6/6
   172 | D:1      | Slain by a kobold

Vault maps used:
D:1:      nzn_arrival_settlement

Action                   || total
-------------------------++-------
Melee: Club              ||     8
 Cast: Flame Tongue      ||    10
Armor: Robe              ||     9
Dodge: Dodged            ||    18

Table legend:
 A = Spawn XP
 B = Non-spawn XP
 C = Spawn XP percentage of total XP
 D = Spawn monster count
 E = Non-spawn monster count
 F = Spawn count percentage of total count
 G = Total turns spent on level
                    A         B        C        D         E        F      G
               +---------+---------+-------+---------+---------+-------+---------
         Total |       0 |      10 |   0.0 |       0 |       7 |   0.0 |   172
               +---------+---------+-------+---------+---------+-------+---------
           D:1 |       0 |      10 |   0.0 |       0 |       7 |   0.0 |   172
               +---------+---------+-------+---------+---------+-------+---------
